Unix NetHack Version 5.0.0-0 post-release - last build May 10 2026 23:12:36 (d1fa5d53e341ca933230fdaa984d921c805b60aa,branch:main).

Game began 2026-05-14 13:13:07, ended 2026-05-14 13:38:02.

BaeHund, lawful female dwarven Archeologist

                                               ---        ---
                                                ..-  ---  -.|
                                                 ..-  .   ..
                                                 ...| .-   .
                                                  {.. .-   .
                                            -      ..#..   .|
                                  ---      .|      ....    .|
                                  ..  --+-..|      -...-  -.--
                                 --|---.....       |...|  |..       ----
                                 |........         |...+  |.-      ....--
                                 |...{..-----      |...----.------......|
                          |   -+--.o....|.((|  ----|....................|
                          -.............-.((|   ...|....................|
                              -+---(--..|.((|---...|..-----...<........--
                                 |*@.|..-----..| ..|..|...|.............|
                                 |.@m|.........--|--......|............--
                                 |%.[|................|...|.---.|.......|
                                 ----|........^.......|---|.|  ----.....-
                                     --......----------   ---       .--..|
                                      --.--.--                      --   |
                                       ------
BaeHund the Field Worker   St:12 Dx:14 Co:10 In:16 Wi:15 Ch:8  Lawful
Dlvl:7  $:0  HP:0(37) Pw:12(12) AC:4  Xp:4 T:2337  Burdened

Latest messages:
 The door opens.
 "Hello, BaeHund!  Welcome to Annootok's general store!"
 "Will you please leave your pick-axe outside?"
 What do you want to drop? [$ad-jl-oq-zA-ILM or ?*] e
 You drop a +0 pick-axe.
 What do you want to drop? [$adf-jl-oq-zA-ILM or ?*] ?
 You drop 2 black opals.
 Annootok offers only 1690 gold pieces for your black opals.  Sell them? [ynaq] (n) y
 You sold 2 black opals for 1690 gold pieces.
 You see here a tripe ration (for sale, 20 zorkmids).
 You hear a door open.
 You see here a food ration (for sale, 60 zorkmids).
 That ebony wand is a giant mimic!
 You hear crashing rock.
 What do you want to use or apply? [ag-inoquACEI or ?*] o
 You produce a strange whistling sound.
 Your large dog appears.
 Your large dog eats a tripe ration.
 You lash the giant mimic.
 Your hands stop glowing red.
 The giant mimic appears confused.
 You lash the giant mimic.
 The large dog bites the giant mimic.
 The giant mimic hits the large dog.
 The giant mimic hits the large dog.
 You lash the giant mimic.
 The giant mimic hits Annootok.
 The giant mimic misses Annootok.
 Annootok hits the giant mimic.
 Annootok hits the giant mimic.
 You miss the giant mimic.
 You lash the giant mimic.
 You miss the giant mimic.
 You miss the giant mimic.
 The giant mimic hits the large dog.
 The giant mimic hits the large dog.
 The large dog is killed!
 You lash the giant mimic.
 You miss the giant mimic.
 You see here a banded mail (for sale, 120 zorkmids).
 The giant mimic hits!
 The giant mimic hits again!
 "For you, most gracious lady; only 27 zorkmids for this scroll of identify."
 You have a little trouble lifting K - a scroll of identify (unpaid, 27 zorkmids).
 The giant mimic hits!
 The giant mimic hits again!
 You die...
 Annootok takes all your possessions.
 Do you want to see what you had when you died? [ynq] (y) y
 Do you want to see your attributes? [ynq] (y) q

Inventory:
 Weapons  (')')
  a - a burnt +2 bullwhip (weapon in right hand)
 Armor    ('[')
  G - an uncursed +0 dwarvish iron helm (being worn)
  H - an uncursed +0 pair of iron shoes (being worn)
  s - a cursed +0 pair of kicking boots
  z - an uncursed +0 leather armor (being worn)
 Comestibles  ('%')
  d - 4 uncursed food rations
  f - 2 cursed food rations
 Scrolls  ('?')
  y - a cursed scroll of confuse monster
  M - an uncursed scroll of create monster
  K - an uncursed scroll of identify
  t - a cursed scroll of identify
  B - an uncursed scroll of teleportation
 Spellbooks  ('+')
  u - an uncursed spellbook of healing
 Potions  ('!')
  L - an uncursed potion of healing
  r - an uncursed potion of levitation
  m - a cursed potion of restore ability
  j - a cursed potion of sleeping
  l - an uncursed potion of water
  v - a potion of unholy water
 Rings    ('=')
  x - a cursed ring of regeneration
 Wands    ('/')
  q - a wand of digging (0:6)
  n - a cursed wand of make invisible (0:0)
  E - a wand of teleportation (0:5)
 Tools    ('(')
  A - an empty cursed bag of holding
  h - an empty uncursed sack
  C - an uncursed blindfold
  i - a magic marker (0:20)
  o - an uncursed magic whistle
  I - a cursed oil lamp
 Gems/Stones  ('*')
  w - an uncursed amethyst stone
  F - an uncursed jacinth stone
  g - an uncursed touchstone

BaeHund the Archeologist's attributes:

Background:
 You were a Field Worker, a level 4 female dwarven Archeologist.
 You were lawful, on a mission for Quetzalcoatl
 who was opposed by Camaxtli (neutral) and Huhetotl (chaotic).
 You were right-handed.
 You were in the Gnomish Mines, on level 7.
 You entered the dungeon 2337 turns ago.
 You had 80 experience points, 80 more were needed to attain level 5.

Basics:
 You had 0 out of 37 hit points.
 You had all 12 energy points (spell power).
 Your armor class was 4.
 Your wallet was empty.
 Autopickup was off.

Final Characteristics:
 Your strength was 12 (limit:18/100).
 Your dexterity was 14 (limit:20).
 Your constitution was 10 (limit:20).
 Your intelligence was 16 (limit:16).
 Your wisdom was 15 (limit:16).
 Your charisma was 8 (limit:16).

Final Status:
 You were held by a giant mimic (east).
 You weren't hungry.
 You were burdened; movement was slightly slowed.
 You were wielding a whip.
 You had basic skill with whip.

Final Attributes:
 You were devoutly aligned.
 You had automatic searching.
 You had infravision.
 You were warded.
 You are dead.

Miscellaneous:
 You encountered 1 bones level.
 Total elapsed playing time was 24 minutes and 54 seconds.

Major events:
 Turn
    1: BaeHund the lawful female dwarven Archeologist entered the dungeon
 1261: entered the Gnomish Mines
 1376: attained the rank of Field Worker (level 3)
 2249: reached Mine Town
 2337: killed by a giant mimic

Spells:
 Name                 Level Category     Fail Retention
 haste self             3   escape       100%  76%-100%
 cancellation           7   matter       100%  76%-100%

Skills:
 Fighting Skills
   bare handed combat [Unskilled]
   two weapon combat  [Unskilled]
   riding             [Unskilled]
 Weapon Skills
   dagger             [Unskilled]
   knife              [Unskilled]
   pick-axe           [Basic]
   short sword        [Unskilled]
   saber              [Unskilled]
   club               [Unskilled]
   quarterstaff       [Unskilled]
   sling              [Unskilled]
   dart               [Unskilled]
   boomerang          [Unskilled]
   whip               [Basic]
   unicorn horn       [Unskilled]
 Spellcasting Skills
   attack spells      [Unskilled]
   healing spells     [Unskilled]
   divination spells  [Unskilled]
   matter spells      [Unskilled]

Voluntary challenges:
 Character rerolling was not enabled.
 You never genocided any monsters.
 You never polymorphed an object.
 You never changed form.
 You used no wishes.
Achievements:
 You entered a shop.
 You entered the Gnomish Mines.
 You attained the rank of Field Worker.
 You entered Minetown.

 The Dungeons of Doom: levels 1 to 4
    Level 1:
       Some fountains, a grave.
    Level 2:
    Level 3:
       A general store, a fountain.
    Level 4:
       A grave.
       Stairs down to The Gnomish Mines.
 The Gnomish Mines: levels 5 to 7
    Level 5:
    Level 6:
       A grave.
       Final resting place for
          BeardyHaddock-Arc-Gno-Mal-Neu, killed by a werejackal.
    Level 7: <- You were here.
       Some shops, some fountains, a tree.
       Final resting place for
          you, killed by a giant mimic.


Vanquished creatures:
  a ghost
  a large dog
  a watchman
  a housecat
  a mountain nymph
  2 gnome leaders
  2 dwarves
  a werejackal
  a large kobold
  a yellow mold
  a red mold
 11 gnomes
  3 geckos
  6 jackals
  2 kobolds
  2 goblins
  4 grid bugs
  7 lichens
  a kobold zombie
  5 newts
54 creatures vanquished.

No species were genocided or became extinct.

Game over:
                       ----------
                      /          \
                     /    REST    \
                    /      IN      \
                   /     PEACE      \
                  /                  \
                  |     BaeHund      |
                  |       0 Au       |
                  |   killed by a    |
                  |   giant mimic    |
                  |                  |
                  |                  |
                  |       2026       |
                 *|     *  *  *      | *
        _________)/\\_//(\/(/\)/\//\/|_)_______

Goodbye BaeHund the Archeologist...

You died in The Gnomish Mines on dungeon level 7 with 620 points,
and 0 pieces of gold, after 2337 moves.
You were level 4 with a maximum of 37 hit points when you died.

